Map: Nightshade LE

Players

OrangCaramel

  • Race: Protoss Protoss
  • League: Master
  • Spawn Location: 5:00

BerryRAWR - Winner!

  • Race: Terran Terran
  • League: Master
  • Spawn Location: 11:00

VOD

Have the link to the VOD?

Description

Time

  • Played on: April 26, 2020, 10:51 p.m.
  • Length: 15:11
Show
View Real Time Build Order
Export as new Build Order

OrangCaramel Protoss 

Build Orders: 1 Gate Expand, Phoenix Opening, Blink Stalkers 

Get SALT Encoding   

  12  0:00  Probe  
  13  0:12  Probe  
  14  0:18  Pylon  
  14  0:24  Probe  
  15  0:37  Probe  
  15  0:39  Gateway  
  15  0:42  Assimilator  
  16  0:49  Probe (Chrono Boost)  
  17  0:58  Probe (Chrono Boost)  
  17  1:03  Probe (Chrono Boost)  
  19  1:15  Probe  
  20  1:22  Nexus  
  20  1:33  Cybernetics Core  
  20  1:34  Probe  
  21  1:40  Assimilator  
  21  1:47  Pylon  
  21  1:49  Probe  
  22  2:01  Probe  
  23  2:06  Stalker (Chrono Boost)  
  23  2:09  Warp Gate  
  23  2:13  Probe  
  26  2:18  Gateway  
  26  2:25  Probe  
  26  2:29  Sentry  
  29  2:36  Probe (Chrono Boost)  
  30  2:38  Probe (Chrono Boost)  
  31  2:45  Twilight Council  
  31  2:47  Probe (Chrono Boost)  
  31  2:48  Probe (Chrono Boost)  
  33  2:52  Probe (Chrono Boost)  
  33  2:53  Probe (Chrono Boost)  
  33  2:55  Stalker  
  37  3:02  Probe  
  37  3:03  Probe  
  39  3:06  Pylon  
  39  3:15  Phoenix  
  39  3:16  Probe (Chrono Boost)  
  39  3:19  Probe (Chrono Boost), Blink (Chrono Boost)  
  41  3:21  Assimilator  
  41  3:26  Probe (Chrono Boost)  
  43  3:29  Probe (Chrono Boost), Assimilator  
  43  3:31  Probe (Chrono Boost)  
  44  3:38  Probe  
  44  3:39  Pylon  
  45  3:43  Probe  
  46  3:50  Probe  
  48  3:55  Probe  
  48  4:00  Stalker  
  48  4:01  Stalker  
  52  4:03  Probe  
  53  4:18  Gateway  
  53  4:21  Gateway  
  53  4:26  Stalker x2  
  57  4:47  Gateway  
  57  4:49  Gateway  
  57  4:52  Pylon  
  57  4:54  Pylon  
  57  4:55  Pylon  
  49  5:07  Stalker x2, Charge (Chrono Boost)  
  53  5:14  Stalker  
  53  5:16  Stalker  
  37  5:44  Stalker x5  
  37  5:45  Stalker  
  47  6:01  Probe x2  
  49  6:13  Probe x2  
  49  6:14  Zealot  
  49  6:15  Zealot x5  
  63  6:25  Probe x2  
  65  6:30  Pylon  
  65  6:32  Robotics Facility  
  65  6:37  Probe x2  
  67  6:42  Shield Battery  
  67  6:46  Forge  
  67  6:49  Probe x2  
  67  6:50  Stalker, Pylon  
  67  6:51  Stalker  
  73  6:54  Templar Archives  
  73  7:01  Probe  
  74  7:13  Probe, Psionic Storm  
  74  7:14  Probe  
  76  7:25  Probe  
  76  7:26  Probe  
  76  7:27  Nexus, Observer  
  76  7:29  Protoss Ground Armor Level 1 (Chrono Boost)  
  79  7:31  High Templar x3  
  79  7:33  Pylon  
  85  7:37  Probe  
  85  7:42  High Templar  
  85  7:43  Zealot x2  
  92  7:47  Probe  
  92  7:48  Observer  
  92  7:50  Pylon  
  95  7:51  Probe  
  95  7:58  Pylon  
  95  7:59  Probe  
  95  8:03  Probe  
  97  8:07  Pylon  
  97  8:12  Probe  
  98  8:15  Probe  
  99  8:24  Probe  
  96  8:27  Probe  
  96  8:30  Shield Battery  
  96  8:34  Photon Cannon  
  97  8:36  Probe, High Templar x3  
  97  8:37  High Templar  
  97  8:38  Zealot x2  
  97  8:40  Probe  
  111  8:46  Gateway  
  111  8:49  Gateway  
  111  8:51  Pylon  
  111  8:54  Assimilator, Photon Cannon  
  111  8:55  Probe x3  
  112  8:58  Assimilator  
  112  9:02  Warp Prism  
  116  9:15  Nexus  
  96  9:33  Stalker x5  
  96  9:34  Zealot  
  97  9:50  Photon Cannon  
  97  9:51  Probe x3, Protoss Ground Weapons Level 1  
  99  10:01  Stalker  
  99  10:02  Stalker, Zealot x3  
  99  10:03  Zealot x2  
  107  10:21  Nexus  
  107  10:22  Pylon  
  107  10:23  High Templar x2  
  107  10:25  Pylon  
  107  11:10  Probe  
  108  11:12  Zealot  
  108  11:13  Zealot x6  
  108  11:14  Zealot  
  122  11:24  Robotics Bay  
  120  11:26  Probe x3, Robotics Facility  
  121  11:38  Archon  
  121  11:55  High Templar x2  
  121  11:56  High Templar x2  
  121  11:57  Zealot x4  
  137  12:03  Probe x2  
  137  12:04  Shield Battery  
  137  12:07  Photon Cannon  
  139  12:11  Photon Cannon  
  139  12:12  Assimilator  
  139  12:15  Archon x2  
  127  12:17  Assimilator  
  127  12:19  Photon Cannon  
  133  12:23  Colossus (Chrono Boost)  
  127  12:30  Zealot x7  
  127  12:31  Zealot  
  141  12:50  Zealot x3  
  115  12:59  Zealot x5  
  123  13:08  Robotics Bay  
  123  13:10  Robotics Facility  
  115  13:21  Stalker x3  
  115  13:22  Stalker  
  123  13:27  Nexus  
  123  13:28  Pylon x2  
  123  13:29  Pylon  
  123  13:34  Probe x2  
  123  13:35  Probe  
  123  13:39  High Templar x3  
  132  13:52  Probe  
  133  13:55  Shield Battery, High Templar  
  133  13:56  High Templar  
  133  13:57  Photon Cannon  
  129  14:10  Colossus  
  129  14:14  Colossus  
  131  14:24  Zealot  
  131  14:25  Zealot x4  
  131  14:26  Zealot x5  
  131  14:30  Archon  
  132  14:37  Zealot x3  
  102  15:00  Shield Battery  
  102  15:03  Photon Cannon  
  102  15:06  Photon Cannon  
Show
View Real Time Build Order
Export as new Build Order

BerryRAWR Terran - Winner!

Build Orders: Gas First Reaper Expand 

Get SALT Encoding   

  12  0:01  SCV  
  13  0:13  SCV  
  14  0:18  Supply Depot  
  14  0:25  SCV  
  15  0:29  Refinery  
  15  0:40  SCV  
  16  0:46  Barracks  
  16  0:53  SCV  
  17  1:05  SCV  
  18  1:19  SCV  
  19  1:33  Reaper, Orbital Command  
  20  1:44  Command Center  
  20  1:53  Factory  
  20  1:59  SCV  
  21  2:08  Supply Depot  
  21  2:10  Barracks Reactor  
  21  2:12  SCV  
  22  2:16  Refinery  
  22  2:24  SCV  
  23  2:36  SCV  
  24  2:46  Starport  
  24  2:47  Marine x2  
  24  2:48  SCV, Factory Tech Lab  
  27  3:00  SCV, Orbital Command  
  27  3:05  Marine x2  
  29  3:11  Siege Tank  
  33  3:16  SCV  
  34  3:21  Supply Depot  
  34  3:23  Marine x2  
  34  3:26  SCV  
  37  3:29  SCV  
  37  3:33  Viking  
  40  3:38  SCV  
  40  3:41  SCV, Marine x2  
  44  3:49  Siege Tank  
  47  3:55  Supply Depot  
  47  3:56  SCV  
  47  3:58  SCV  
  49  4:03  Marine x2  
  49  4:08  Viking  
  53  4:11  SCV  
  54  4:17  SCV, Supply Depot  
  54  4:22  Marine  
  54  4:23  SCV, Marine  
  55  4:31  Siege Tank  
  57  4:41  SCV  
  57  4:42  SCV  
  59  4:46  Marine x2  
  60  4:53  SCV, Supply Depot  
  60  4:58  Liberator  
  64  5:04  Marine  
  64  5:06  Bunker, Marine  
  62  5:11  SCV x2  
  62  5:16  Barracks  
  62  5:17  Barracks  
  62  5:26  Marine x2, Siege Tank  
  62  5:27  SCV x2  
  68  5:29  Engineering Bay  
  53  5:44  SCV x2, Marine  
  53  5:49  Marine  
  57  5:51  Command Center  
  57  5:56  SCV  
  54  5:59  Terran Infantry Weapons Level 1  
  54  6:00  SCV  
  54  6:01  Marine  
  55  6:04  Refinery  
  55  6:05  Bunker  
  55  6:06  Siege Tank  
  55  6:07  Barracks Tech Lab x2  
  55  6:08  SCV  
  55  6:10  Supply Depot  
  56  6:14  Supply Depot  
  56  6:17  Marine  
  58  6:18  SCV  
  58  6:19  Marine  
  58  6:20  SCV  
  60  6:29  Refinery  
  60  6:30  SCV  
  60  6:31  Stimpack  
  60  6:32  SCV, Marine x2  
  61  6:35  Marine  
  61  6:37  Marine  
  63  6:41  Supply Depot  
  63  6:42  SCV  
  64  6:48  Supply Depot  
  64  6:49  Supply Depot  
  64  6:52  Supply Depot  
  64  6:55  Marauder x2  
  64  6:57  Combat Shield, Supply Depot  
  68  7:05  SCV  
  68  7:06  SCV  
  68  7:07  Orbital Command  
  70  7:12  Widow Mine  
  70  7:13  Widow Mine  
  70  7:15  Starport Reactor  
  73  7:16  Marine  
  73  7:18  Marauder  
  73  7:19  Supply Depot  
  75  7:23  Barracks Reactor  
  75  7:26  SCV  
  75  7:27  Supply Depot  
  76  7:32  SCV x2, Barracks  
  76  7:34  Barracks  
  76  7:35  Widow Mine  
  80  7:44  Supply Depot  
  80  7:46  SCV x3  
  80  7:50  Widow Mine  
  80  7:51  Marauder x2  
  89  7:53  Medivac  
  89  7:56  Widow Mine  
  89  7:57  Terran Infantry Armor Level 1  
  93  8:09  SCV x2  
  93  8:11  Widow Mine  
  93  8:12  Supply Depot, Marauder  
  99  8:16  Armory, Marine  
  99  8:18  Widow Mine  
  99  8:19  Engineering Bay  
  102  8:20  Concussive Shells, Orbital Command  
  102  8:25  Barracks Reactor, Barracks Tech Lab  
  102  8:28  SCV  
  102  8:29  SCV  
  104  8:36  Medivac x2  
  104  8:41  SCV x2  
  110  8:46  Marauder x2, Marine  
  115  8:49  Missile Turret  
  115  8:53  SCV  
  115  8:56  SCV  
  115  8:57  SCV  
  115  9:00  Supply Depot  
  115  9:01  Marauder, Marine x2  
  115  9:02  Supply Depot  
  121  9:04  Widow Mine  
  121  9:07  Medivac  
  121  9:09  Widow Mine  
  127  9:11  Medivac  
  127  9:13  SCV x2  
  127  9:14  SCV  
  132  9:19  Ghost Academy  
  132  9:20  Terran Infantry Weapons Level 2  
  127  9:25  Widow Mine  
  117  9:32  Marine  
  117  9:33  Marauder x3  
  117  9:34  Widow Mine  
  126  9:49  SCV x2, Enhanced Shockwaves  
  126  9:50  SCV  
  126  9:51  Refinery  
  123  9:53  Refinery  
  123  9:55  Command Center, Marine x3  
  123  9:56  Marauder x3, Marine  
  123  9:57  Widow Mine  
  133  10:00  Supply Depot  
  128  10:13  Marine  
  119  10:16  SCV  
  119  10:17  SCV  
  119  10:20  Medivac, Widow Mine x2  
  119  10:21  Medivac, Marauder, Marine x3  
  126  10:22  Marauder x2  
  135  10:31  Marine, Starport  
  135  10:36  SCV x3  
  135  10:39  Marine x3  
  135  10:42  Widow Mine x2  
  133  10:43  Marauder  
  133  10:48  SCV x2, Missile Turret  
  134  10:53  Marauder  
  134  10:54  Orbital Command, Marauder, Marine  
  133  11:03  Marine x2  
  131  11:12  Orbital Command  
  131  11:14  Marauder  
  131  11:15  Widow Mine x2  
  137  11:20  Marine x2  
  137  11:30  SCV x2  
  135  11:32  Unknown  
  135  11:35  Marine x2  
  135  11:36  Marine  
  135  11:37  Terran Infantry Armor Level 2  
  135  11:38  Marine  
  141  11:41  SCV  
  141  11:42  SCV x2  
  141  11:46  Widow Mine  
  138  11:48  Unknown  
  138  11:49  Marauder  
  138  11:53  SCV  
  139  11:54  SCV  
  139  11:59  Marauder, Marine x2  
  144  12:02  Unknown, Marauder  
  144  12:03  Marine x2  
  144  12:07  SCV x2  
  150  12:09  Starport Reactor  
  148  12:17  Marine  
  148  12:18  Marauder, Marine  
  148  12:19  Widow Mine x2  
  148  12:20  Medivac  
  148  12:21  Marauder, Marine x2  
  162  12:23  Marauder  
  162  12:24  Medivac  
  166  12:30  SCV x2  
  167  12:49  Marauder x2, Marine  
  167  12:50  Medivac  
  153  12:51  Widow Mine x2  
  153  12:52  Medivac x2  
  153  12:58  Medivac  
  158  12:59  Marauder, Marine x2  
  162  13:08  Marine x2  
  162  13:11  Marauder  
  145  13:20  Medivac  
  145  13:25  Marine x2  
  145  13:26  Widow Mine  
  155  13:27  Medivac x2, Widow Mine  
  161  13:34  Command Center  
  161  13:37  Marine  
  161  13:38  Marine  
  161  13:39  Unknown  
  163  13:41  Marine  
  163  13:42  Marine  
  163  13:45  Marine  
  166  13:49  Unknown  
  168  14:00  Unknown  
  167  14:17  Unknown  
  167  14:18  Marine x2  
  173  14:28  Unknown  
  170  14:31  Widow Mine x2  
  170  14:33  Marauder, Marine x2  
  170  14:36  Marine x2  
  159  14:39  Barracks  
  159  14:40  Barracks  
  159  14:42  Barracks  
  153  14:46  Unknown x2  
  153  14:47  Marauder x2  
  153  15:01  Command Center  
Tags
 
Add a new tag
Caveats
  • Supply blocks, unpowered buildings, or Contaminate may cause inaccurate times.
  • Supply counts are checked every 10 seconds.